 Seeded DCSS version 0.29.1-4-g47bece8355 (webtiles) character file.

Game seed: 12366303856512718505 (custom seed)

59164 GigaChad the Impaler (level 14, -9/129 HPs)
             Began as a Minotaur Fighter on Dec 1, 2022.
             Was an Initiate of Gozag.
             Mangled by a tyrant leech (14 damage)
             ... on level 2 of the Swamp on Dec 2, 2022.
             The game lasted 01:04:26 (23530 turns).

GigaChad the Impaler (Minotaur Fighter)            Turns: 23530, Time: 01:04:27

Health: -9/129     AC: 43    Str: 34    XL:     14   Next: 52%
Magic:  13/13      EV: 11    Int:  7    God:    Gozag
Gold:   1159       SH:  8    Dex: 20    Spells: 13/13 levels left

rFire   . . .      SeeInvis .   F - +8 trident "Xom's Capriciousness" {vamp, Drain rPois rC+ rN++}
rCold   + . .      Faith    .   k - +0 buckler of Beogh's Indignation {rCorr Str+2}
rNeg    + + .      Spirit   .   Y - +11 crystal plate armour "Otwef" {Int+2 Dex+4}
rPois   +          Reflect  .   (helmet restricted)
rElec   .          Harm     .   (no cloak)
rCorr   +          Rampage  .   P - +3 pair of gauntlets of War {Slay+5}
Will    +....                   u - +2 pair of boots
Stlth   ..........              x - amulet of the acrobat
HPRegen 0.31/turn               l - +6 ring of strength
MPRegen 0.13/turn               n - +6 ring of dexterity

@: about to teleport, gold aura, very slow
A: horns 2, retaliatory headbutt
a: Renounce Religion, Potion Petition, Call Merchant, Bribe Branch


You were on level 2 of the Swamp.
You worshipped Gozag.
Gozag was most pleased with you.
You visited 6 branches of the dungeon, and saw 23 of its levels.
You also visited: Bailey.

You collected 6201 gold pieces.
You spent 4110 gold pieces at shops.
You paid 932 gold pieces to Gozag.

Inventory:

Hand Weapons
 a - a +0 war axe
 y - a +3 trident of protection
 F - the +8 trident "Xom's Capriciousness" (weapon) {vamp, Drain rPois rC+ rN++}
   (You found it on level 7 of the Dungeon)

   It occasionally heals its wielder for a portion of the damage dealt when it
   wounds a living foe.
   rC:        It protects you from cold.
   rPois:     It protects you from poison.
   rN:        It greatly protects you from negative energy.
   Drain:     It drains your maximum health when unequipped.
 T - a +0 dire flail
Missiles
 c - 4 silver javelins
 J - 3 poisoned darts
Armour
 b - a +0 scale mail
 k - the +0 buckler of Beogh's Indignation (worn) {rCorr Str+2}
   (You bought it in a shop on level 2 of the Orcish Mines)

   Str:       It affects your strength (+2).
   rCorr:     It protects you from acid and corrosion.
 u - a +2 pair of boots (worn)
 I - a +1 crystal plate armour
 P - the +3 pair of gauntlets of War (worn) {Slay+5}
   (You bought it in a shop on level 10 of the Dungeon)

   Slay:      It affects your accuracy & damage with ranged weapons and melee
   (+5).
 S - +0 gold dragon scales
 Y - the +11 crystal plate armour "Otwef" (worn) {Int+2 Dex+4}
   (You acquired it on level 11 of the Dungeon)

   Int:       It affects your intelligence (+2).
   Dex:       It affects your dexterity (+4).
 Z - a +0 tower shield
Jewellery
 l - a +6 ring of strength (left hand)
 n - a +6 ring of dexterity (right hand)
 r - an amulet of faith
 x - an amulet of the acrobat (around neck)
 D - a ring of protection from cold
 E - a ring of wizardry
 K - a +4 ring of evasion
 U - a +4 ring of evasion
Wands
 w - a wand of digging (18)
 z - a wand of light (6)
 B - a wand of charming (13)
 N - a wand of roots (15) (quivered)
 Q - a wand of mindburst (16)
Scrolls
 f - 3 scrolls of torment
 g - 6 scrolls of poison
 h - a scroll of magic mapping
 i - 2 scrolls of brand weapon
 m - 3 scrolls of fear
 p - 5 scrolls of teleportation
 s - 3 scrolls of noise
 C - 4 scrolls of amnesia
 G - 2 scrolls of butterflies
 H - 3 scrolls of immolation
 M - 4 scrolls of summoning
 O - a scroll of enchant weapon
 R - 9 scrolls of identify
 X - 2 scrolls of enchant armour
Potions
 d - 3 potions of might
 e - 3 potions of brilliance {unknown}
 j - 5 potions of heal wounds {unknown}
 o - 9 potions of curing
 q - 3 potions of ambrosia
 t - 2 potions of magic
 v - 7 potions of mutation
 A - 2 potions of degeneration
 L - a potion of invisibility {unknown}
 V - a potion of haste {unknown}
 W - a potion of attraction {unknown}


   Skills:
 + Level 13.2 Fighting
 + Level 5.6(12.0) Axes
 + Level 16.4(16.7) Polearms
 + Level 15.7 Armour
 * Level 8.3 Dodging
 + Level 3.9 Stealth
 + Level 12.3 Shields
 + Level 3.0 Unarmed Combat
 + Level 1.7 Evocations


You had 13 spell levels left.
You didn't know any spells.
Your spell library contained the following spells:

 Spells                   Type           Power      Damage    Failure   Level
 Apportation              Tloc           0%         N/A       99%         1
 Freeze                   Ice            0%         1d3       99%         1
 Necrotise                Necr           0%         1d4       99%         1
 Shock                    Conj/Air       0%         1d3       99%         1
 Summon Small Mammal      Summ           0%         N/A       99%         1
 Blink                    Tloc           0%         N/A       100%        2
 Ensorcelled Hibernation  Hex/Ice        0%         N/A       100%        2
 Passwall                 Tmut/Erth      0%         N/A       100%        2
 Confusing Touch          Hex            0%         N/A       100%        3
 Frozen Ramparts          Ice            0%         1d1       100%        3
 Lesser Beckoning         Tloc           0%         N/A       100%        3
 Portal Projectile        Hex/Tloc       0%         N/A       100%        3
 Stone Arrow              Conj/Erth      0%         3d7       100%        3
 Swiftness                Air            0%         N/A       100%        3
 Tukima's Dance           Hex            0%         N/A       100%        3
 Airstrike                Air            0%         2d(0-16)  100%        4
 Animate Armour           Summ/Erth      0%         N/A       100%        4
 Hailstorm                Conj/Ice       0%         3d3       100%        4
 Blade Hands              Tmut           0%         N/A       100%        5
 Manifold Assault         Tloc           0%         N/A       100%        5
 Yara's Violent Unravell  Hex/Tmut       0%         3d3       100%        5
 Enfeeble                 Hex            0%         N/A       100%        7
 Malign Gateway           Summ/Tloc      0%         N/A       100%        7
 Lehudib's Crystal Spear  Conj/Erth      0%         10d2      100%        8
 Summon Horrible Things   Summ           0%         N/A       100%        8


Dungeon Overview and Level Annotations

Branches:
Dungeon (15/15)            Temple (1/1) D:4            Lair (2/5) D:9
  Swamp (2/4) Lair:2       Spider (1/4) Lair:2          Orc (2/2) D:12
 Vaults (0/5) D:14         Bailey (visited)
    Elf: Orc:2       Depths: D:15

Altars:
Ashenzari
Dithmenos
Elyvilon
Fedhas
Gozag
Hepliaklqana
Kikubaaqudgha
Makhleb
Nemelex Xobeh
Okawaru
Qazlal
Ru
Sif Muna
Trog
Uskayaw
Vehumet
Wu Jian
Xom
Yredelemnul
Zin
The Shining One

Shops:
D:3 [   D:10 [[   Orc:2 [

Annotations:
D:14 exclusion: obsidian statue
D:15 Louise
Swamp:2 Donald


Innate Abilities, Weirdness & Mutations

You have a pair of horns on your head.
You reflexively headbutt those who attack you in melee.


Message History

Donald is lightly wounded.
Donald says, "I bet the Orb isn't even all that great."
You block Donald's attack.
The spriggan rider hits you from afar with a +0 spear!
You hit Donald. Donald blocks your attack.
Donald is lightly wounded.
Donald hits you but does no damage.
The tyrant leech bites you but does no damage.
You hit Donald.
You feel better.
Donald is lightly wounded.
The spriggan rider closely misses you.
The bloated husk explodes!
The blast of putrescent gases engulfs you!!
The blast of putrescent gases engulfs the tyrant leech!!!
The blast of putrescent gases engulfs Donald!!
The blast of putrescent gases engulfs the spriggan rider!!!
Donald says, "You're really ugly.
Did you know that?"
Donald hits you with a +2 vorpal scimitar!!
* * * LOW HITPOINT WARNING * * *
x2 Your unstable footing causes you to fumble your attack.
The tyrant leech bites you but does no damage.
Donald says, "I bet you have to pay people to get friends."
Donald hits you with a +2 vorpal scimitar!
* * * LOW HITPOINT WARNING * * *
x2 The spriggan rider hits you but does no damage.
Your unstable footing causes you to fumble your attack.
Donald hits you but does no damage.
You hit Donald but do no damage.
Donald is moderately wounded.
You block the spriggan rider's attack.
The tyrant leech bites you but does no damage.
Donald hits you but does no damage. Donald blocks your attack.
Donald is moderately wounded.
You block the spriggan rider's attack. You block Donald's attack.
Unknown command.
As you read the scroll of teleportation, it crumbles to dust.
You feel strangely unstable. The tyrant leech bites you!
You die...
Your body crumbles into a pile of gold.

$ ~...♣♣♣~~ .§....♣.~
...~~..~. ♣....~~.♣
♣.~..~~.♣ ♣♣♣♣♣
♣~~~.ik~♣♣♣~..♣♣
♣....~w@....~..♣
♣.^.~.$@~~.~~~.♣
.~..♣♣~§.~~~~~♣♣ ♣~
♣.~~.~~~~.♣♣ .~ ♣~~...~~~~§♣
♣~♣ ♣~.....~~[.♣
♣~♣♣♣♣♣♣♣~.....♣ ♣♣♣♣
♣...♣♣~~§♣♣....♣♣♣♣
♣♣.=♣♣♣♣♣♣.~.~....~♣.~...~~♣
♣(.[...~♣§...~~♣...♣.~~~.♣♣♣


You could see Donald (fast, strong), a tyrant leech, a spriggan rider and a
swamp drake.

Vanquished Creatures
  Gastronok (Lair:2)
  Aizul (Spider:1)
  Azrael (D:13)
  2 entropy weavers (Spider:1)
  A bunyip (Swamp:1)
  Fannar (D:12)
  8 vault guards (D:14)
  A ghost crab (Swamp:2)
  3 hydras
  Erica (D:9)
  3 two-headed ogres
  A radroach (Spider:1)
  3 alligators
  3 centaur warriors
  2 orc high priests (Orc:2)
  A death yak (D:9)
  Sonja (D:12)
  4 goliath frogs
  2 spriggan druids (Swamp:1)
  A bog body (Swamp:1)
  A swamp dragon (Swamp:2)
  Pikel (D:9)
  An orc knight (Bailey)
  A wolf spider (Spider:1)
  2 deep elf pyromancers
  An orc sorcerer (Orc:2)
  6 ugly things
  3 cyclopes
  3 will-o-the-wisps
  4 manticores
  A guardian serpent (shapeshifter) (D:14)
  A gargoyle (D:13)
  2 cane toads (Lair:1)
  Maggie (D:9)
  Psyche (D:10)
  A kobold demonologist (D:13)
  A demonic crawler (Spider:1)
  5 komodo dragons
  2 unseen horror zombies (D:9)
  2 unseen horrors
  A troll (D:11)
  A tyrant leech (Swamp:1)
  A wind drake (shapeshifter) (D:14)
  8 tarantellas (Spider:1)
  2 slime creatures (D:13)
  3 shadows
  3 jumping spiders (Spider:1)
  4 culicivoras (Spider:1)
  A vampire (D:8)
  Sigmund (D:6)
  4 wyverns
  2 wraiths
  2 basilisks
  31 yaks
  Eustachio (D:4)
  A fire elemental (D:13)
  10 redbacks (Spider:1)
  2 steam dragons
  Menkaure (D:6)
  8 swamp worms
  Edmund (D:4)
  5 water moccasins
  3 acid dragons
  3 hell hounds (D:13)
  A black bear (D:9)
  2 sky beasts (D:7)
  23 orc warriors
  5 wolves (Lair:1)
  An ogre (Orc:1)
  2 kobold brigands
  Blork the orc (D:4)
  2 gnoll sergeants (D:9)
  6 bullfrogs
  6 scorpions
  4 wights (D:7)
  5 killer bees (D:8)
  4 electric eels
  4 centaur zombies (D:9)
  8 howler monkeys
  3 hounds
  6 jellies
  A gnoll bouda (D:8)
  17 orc priests
  Ijyb (D:4)
  8 iguanas
  18 orc wizards
  3 howler monkey zombies (D:9)
  7 adders
  13 gnolls
  A shadow imp (D:6)
  An ufetubus (D:7)
  5 dart slugs
  89 orcs
  11 ball pythons
  7 bats
  9 endoplasms
  5 giant cockroaches
  11 hobgoblins
  11 jackals
  6 quokkas
  6 frilled lizards
  8 goblins
  18 kobolds
  2 rats (D:1)
  A spectral kobold (D:10)
522 creatures vanquished.

Vanquished Creatures (others)
  4 bloated husks
  12 foxfires
  A fungus (D:9)
  4 plants
21 creatures vanquished.

Grand Total: 543 creatures vanquished

Notes
Turn   | Place    | Note
-------+----------+-------------------------------------------
     0 | D:1      | GigaChad the Minotaur Fighter began the quest for the Orb.
     0 | D:1      | Reached XP level 1. HP: 19/19 MP: 0/0
    24 | D:1      | Reached XP level 2. HP: 17/27 MP: 1/1
   430 | D:1      | Identified a scroll of acquirement
   430 | D:1      | Acquired 923 gold pieces
   501 | D:1      | Found a faded altar of an unknown god.
   570 | D:1      | Reached XP level 3. HP: 22/33 MP: 2/2
  1084 | D:2      | Reached skill level 1 in Dodging
  1241 | D:2      | Reached XP level 4. HP: 40/40 MP: 3/3
  1448 | D:3      | Found a shadowy altar of Dithmenos.
  1739 | D:3      | Found an opulent altar of Gozag.
  1785 | D:3      | Found Poapettu's Antique Armour Boutique.
  1808 | D:3      | Became a worshipper of Gozag Ym Sagoz the Greedy
  1841 | D:3      | Reached XP level 5. HP: 40/47 MP: 4/4
  1998 | D:3      | Found a faded altar of an unknown god.
  2152 | D:4      | Noticed Blork the orc
  2168 | D:4      | Killed Blork the orc
  2169 | D:4      | Reached skill level 5 in Axes
  2386 | D:4      | Reached XP level 6. HP: 14/53 MP: 5/5
  3004 | D:4      | Noticed Eustachio
  3034 | D:4      | Killed Eustachio
  3035 | D:4      | Reached skill level 2 in Polearms
  3035 | D:4      | Reached skill level 5 in Armour
  3495 | D:4      | Noticed Edmund
  3506 | D:4      | Killed Edmund
  3507 | D:4      | Reached XP level 7. HP: 47/60 MP: 6/6
  3693 | D:4      | Found a staircase to the Ecumenical Temple.
  3693 | D:4      | Noticed Ijyb
  3707 | D:4      | Reached skill level 3 in Polearms
  3712 | D:4      | Killed Ijyb
  4255 | Temple   | Entered the Ecumenical Temple
  4402 | D:4      | Found a radiant altar of Vehumet.
  4583 | D:5      | Entered Level 5 of the Dungeon
  4602 | D:5      | Reached skill level 5 in Fighting
  4829 | D:5      | Found a burning altar of Makhleb.
  4873 | D:5      | Reached skill level 5 in Shields
  4891 | D:5      | Reached skill level 4 in Polearms
  5519 | D:6      | Reached XP level 8. HP: 68/68 MP: 7/7
  5554 | D:6      | Reached skill level 5 in Polearms
  5651 | D:6      | Noticed Sigmund
  5652 | D:6      | Noticed Menkaure
  5663 | D:6      | Killed Sigmund
  5665 | D:6      | Reached skill level 6 in Polearms
  5670 | D:6      | Killed Menkaure
  5719 | D:6      | Found a sparkling altar of Nemelex Xobeh.
  6268 | D:6      | Reached skill level 7 in Polearms
  6697 | D:6      | Reached skill level 8 in Polearms
  6830 | D:7      | Identified the +8 trident "Xom's Capriciousness" {vamp,
                  | Drain rPois rC+ rN++}
  6874 | D:7      | Reached XP level 9. HP: 65/74 MP: 8/8
  6968 | D:7      | Reached skill level 9 in Polearms
  7005 | D:7      | Reached skill level 1 in Stealth
  7211 | D:7      | Found a sacrificial altar of Ru.
  7579 | D:3      | Bought a crystal plate armour for 1920 gold pieces
  7787 | D:8      | Reached skill level 10 in Polearms
  8113 | D:8      | Reached skill level 11 in Polearms
  8113 | D:8      | Reached XP level 10. HP: 69/84 MP: 9/9
  8165 | D:8      | Found a shimmering blue altar of Sif Muna.
  8448 | D:8      | Found an ancient bone altar of Kikubaaqudgha.
  8776 | D:9      | Noticed a death yak
  8946 | D:9      | Found a staircase to the Lair.
  8972 | D:9      | Killed a death yak
  8973 | D:9      | Reached skill level 12 in Polearms
  8973 | D:9      | Reached skill level 10 in Armour
  9369 | D:9      | Noticed Erica
  9394 | D:9      | Killed Erica
  9914 | D:9      | Noticed Pikel
  9923 | D:9      | Killed Pikel
  9924 | D:9      | Reached XP level 11. HP: 94/95 MP: 10/10
  9933 | D:9      | Found a basalt altar of Yredelemnul.
 10047 | D:9      | Noticed Maggie
 10059 | D:9      | Killed Maggie
 10733 | D:10     | Entered Level 10 of the Dungeon
 10736 | D:10     | Found a flagged portal.
 10751 | Bailey   | Entered a bailey
 10850 | Bailey   | Noticed an orc knight
 10968 | Bailey   | Reached skill level 13 in Polearms
 11034 | Bailey   | Killed an orc knight
 11698 | D:10     | Found an iron altar of Okawaru.
 11983 | D:10     | Found a hazy altar of Hepliaklqana.
 12031 | D:10     | Noticed Psyche
 12045 | D:10     | Killed Psyche
 12452 | D:10     | Found Keziu's Antique Armour Emporium.
 12536 | D:11     | Found a bloodstained altar of Trog.
 12560 | D:11     | Reached skill level 1 in Unarmed Combat
 12804 | D:11     | Noticed a two-headed ogre
 12811 | D:11     | Killed a two-headed ogre
 12860 | D:11     | Reached skill level 14 in Polearms
 13140 | D:11     | Noticed a two-headed ogre
 13151 | D:11     | Killed a two-headed ogre
 13248 | D:11     | Acquired the +11 crystal plate armour "Otwef" {Int+2 Dex+4}
 13294 | D:12     | Noticed Fannar
 13302 | D:12     | Killed Fannar
 13303 | D:12     | Reached skill level 10 in Fighting
 13374 | D:12     | Reached XP level 12. HP: 106/106 MP: 11/11
 13374 | D:12     | Noticed Sonja
 13403 | D:12     | Killed Sonja
 13869 | D:12     | Found a staircase to the Orcish Mines.
 13923 | Orc:1    | Entered Level 1 of the Orcish Mines
 14139 | Orc:2    | Entered Level 2 of the Orcish Mines
 14160 | Orc:2    | Found Nylo Wau's Antique Armour Shop.
 14202 | Orc:2    | Bought a tower shield for 139 gold pieces
 14202 | Orc:2    | Bought a shimmering buckler for 294 gold pieces
 14202 | Orc:2    | Identified the +0 buckler of Beogh's Indignation {rCorr
                  | Str+2} (You bought it in a shop on level 2 of the Orcish
                  | Mines)
 14319 | Orc:2    | Noticed an orc high priest
 14320 | Orc:2    | Noticed an orc high priest
 14337 | Orc:2    | Noticed a two-headed ogre
 14351 | Orc:2    | Killed a two-headed ogre
 14379 | Orc:2    | Killed an orc high priest
 14383 | Orc:2    | Killed an orc high priest
 15094 | Orc:2    | Noticed an orc high priest
 16270 | D:12     | Reached skill level 10 in Shields
 16273 | D:12     | Reached skill level 1 in Evocations
 16480 | D:13     | Found a gate leading to a gauntlet.
 16498 | D:13     | Noticed a centaur warrior
 16516 | D:13     | Killed a centaur warrior
 17018 | D:13     | Noticed a centaur warrior
 17033 | D:13     | Killed a centaur warrior
 17034 | D:13     | Reached skill level 15 in Polearms
 17042 | D:13     | Noticed Azrael
 17063 | D:13     | Killed Azrael
 17064 | D:13     | Reached XP level 13. HP: 66/116 MP: 12/12
 17414 | D:10     | Bought the +3 pair of gauntlets of War {Slay+5} for 1757
                  | gold pieces
 17414 | D:10     | Found the +3 pair of gauntlets of War {Slay+5}
 17972 | D:14     | Reached skill level 5 in Dodging
 18177 | D:14     | Found a gate to the Vaults.
 19081 | D:15     | Entered Level 15 of the Dungeon
 19081 | D:15     | Noticed Louise
 19483 | Lair:1   | Entered Level 1 of the Lair of Beasts
 20253 | Lair:2   | Found a hole to the Spider Nest.
 20342 | Spider:1 | Entered Level 1 of the Spider Nest
 20496 | Spider:1 | Noticed an entropy weaver
 20498 | Spider:1 | Noticed an entropy weaver
 20503 | Spider:1 | Noticed Aizul
 20505 | Spider:1 | Killed an entropy weaver
 20923 | Spider:1 | Killed an entropy weaver
 20924 | Spider:1 | Reached XP level 14. HP: 127/127 MP: 13/13
 21045 | Spider:1 | Killed Aizul
 21046 | Spider:1 | Reached skill level 16 in Polearms
 21046 | Spider:1 | Reached skill level 15 in Armour
 21480 | Lair:2   | Noticed Gastronok
 21495 | Lair:2   | Killed Gastronok
 21702 | Lair:2   | Found a staircase to the Swamp.
 21725 | Swamp:1  | Entered Level 1 of the Swamp
 21755 | Swamp:1  | Found a blossoming altar of Fedhas.
 23510 | Swamp:2  | Noticed Donald
 23526 | Swamp:2  | HP: 5/129 [Donald/+2 vorpal scimitar (2)]
 23530 | Swamp:2  | Mangled by a tyrant leech

Illustrated notes

Levels and vault maps discovered:
D:1:      lightli_molten_gateway, layout_rooms,
          hellmonk_ecumenical_altar_leap_of_faith
D:2:      layout_rooms, minmay_diced_spiral
D:3:      layout_rooms, nicolae_gozag_seed_capital,
          nicolae_overflow_ecumenical_swirl, mainiacjoe_overflow_paths,
          serial_shops, nicolae_shop_behind_doors,
          hangedman_abyss_or_decor_stabs, st_stairs_4, minmay_cut_off
D:4:      minmay_recursive_quarters, layout_basic, lemuel_doored_altar,
          minmay_temple_entry_crystal_x, glass_columns_c, kennysheep_potato,
          uniq_blork_the_orc, uniq_ijyb, uniq_eustachio, uniq_edmund
D:5:      layout_basic, mainiacjoe_overflow_concentric_impassable
D:6:      layout_basic, nemelex_diamond_rough_becter, uniq_sigmund,
          uniq_menkaure
D:7:      layout_basic, nicolae_ru_great_annihilating_truth
D:8:      layout_gridville, nicolae_sif_muna_condensation,
          nicolae_kikubaaqudgha_miasma_corner
D:9:      layout_loops_ring, nicolae_yredelemnul_corpse_copse,
          david_lair_generic, uniq_maggie, uniq_pikel, uniq_erica
D:10:     layout_irregular_city, nicolae_hepliaklqana_monster_ancestors,
          amcnicky_altar_gilded, serial_shops, shop, enter_bailey_6, uniq_psyche
D:11:     layout_roguey, trog_butcher_becter
D:12:     layout_stronghold, hiddenorc2_lemuel, uniq_fannar, uniq_sonja
D:13:     layout_rooms, gauntlet_entry_generic, uniq_azrael
D:14:     layout_long_grid, erik_vaults_2, minmay_misc_feat_five,
          minmay_statue_bubble
D:15:     grunt_enter_depths_hoard, layout_cave_pools, serial_demonic,
          serial_demonic_g, serial_demonic_e, serial_demonic_g,
          serial_demonic_b, elyvilon_altar_1, uniq_louise
Temple:   hellmonk_temple_rainy
Lair:1:   layout_long_grid, serial_bayou_ford_a, lemuel_old_faithful
Lair:2:   layout_regular_city, nicolae_swamp_entry_splash_gauntlet,
          spider_nest_entry_web_field, uniq_gastronok
Swamp:1:  layout_falls_marsh, nicolae_swamp_godswood
Swamp:2:  layout_basic_swamp, hangedman_swamp_ruin_wall, uniq_donald,
          uniq_jorgrun, uniq_mlioglotl
Spider:1: layout_spider_delve, nicolae_spider_circle_web, drop_trap, uniq_aizul
Orc:1:    layout_diamond_mine
Orc:2:    grunt_orc_cross, layout_diamond_mine, serial_shops, shop_statue,
          guppyfry_orc_lava_fort

Skill      XL: |  1  2  3  4  5  6  7  8  9 10 11 12 13 14 |
---------------+-------------------------------------------+-----
Armour         | 4 5 6 7 8 10 12 13 14 15 | 15.7
Fighting       | 4 5 6 8 10 11 12 13 | 13.2
Axes           | 3 4 5 |  5.6
Dodging        | 1 2 3 4 7 8 |  8.3
Shields        | 4 5 6 7 8 10 11 12 | 12.3
Polearms       | 2 4 8 11 12 14 15 16 | 16.4
Stealth        | 1 3 |  3.9
Unarmed Combat | 2 3 |  3.0
Evocations     | 1 |  1.7

Action                   |  1- 3 |  4- 6 |  7- 9 | 10-12 | 13-15 || total
-------------------------+-------+-------+-------+-------+-------++-------
Melee: War axe           |    79 |    55 |       |       |       ||   134
       Headbutt          |     8 |    12 |    51 |   148 |   116 ||   335
       Trident           |       |    71 |   283 |   690 |   418 ||  1462
       Unarmed           |       |       |       |    13 |       ||    13
Invok: Potion Petition   |       |       |       |     1 |       ||     1
       Call Merchant     |       |       |       |     1 |       ||     1
Evoke: Wand              |       |       |       |    11 |     1 ||    12
  Use: Scroll            |     2 |       |     2 |    21 |     3 ||    28
       Potion            |       |       |     1 |       |       ||     1
 Stab: Distracted        |       |     1 |     1 |     7 |     5 ||    14
Armor: Scale mail        |    19 |       |       |       |       ||    19
       Chain mail        |    41 |   108 |    88 |       |       ||   237
       Crystal plate arm |       |       |    82 |   311 |   268 ||   661
       Skin              |       |       |       |     3 |       ||     3
Dodge: Dodged            |    46 |    85 |   140 |   359 |   256 ||   886
Block: Buckler           |    32 |    36 |    91 |   204 |   134 ||   497
